 Dungeon Crawl Stone Soup version 0.30-a0-757-ga6a79fd877 (webtiles) character file.

Game seed: 12765580688282402621

3497 sircluck the Skirmisher (level 9, -3/47 HPs)
             Began as a Spriggan Hunter on Feb 9, 2023.
             Slain by a human
             ... wielding a +2 heavy hand axe
              (11 damage)
             ... in a bailey.
             The game lasted 00:19:51 (7423 turns).

sircluck the Skirmisher (Spriggan Hunter)           Turns: 7423, Time: 00:19:51

Health: -3/47      AC:  2    Str:  7    XL:     9   Next: 80%
Magic:  12/12      EV: 21    Int: 10    God:
Gold:   361        SH:  0    Dex: 23    Spells: 8/11 levels left

rFire   . . .      SeeInvis +    a - +0 shortbow
rCold   . . .      Faith    .    (shield currently unavailable)
rNeg    . . .      Spirit   .    c - +0 robe
rPois   .          Reflect  .    (helmet restricted)
rElec   .          Harm     .    (no cloak)
rCorr   .          Rampage  .    (gloves unavailable)
Will    +....                    (boots unavailable)
Stlth   ++                       q - amulet of the acrobat
HPRegen 0.27/turn                (no ring)
MPRegen 0.13/turn                (no ring)

@: slow
A: very small, no large weapons, unfitting armour, see invisible, speed 3
a: no special abilities


You were in a bailey.
You visited 2 branches of the dungeon, and saw 8 of its levels.
You also visited: Bailey.

You collected 361 gold pieces.

Inventory:

Hand Weapons
 a - a +0 shortbow (weapon)
 j - a +2 short sword of speed
Missiles
 u - 8 poisoned darts
 y - 11 boomerangs
Armour
 c - a +0 robe (worn)
Jewellery
 g - a ring of fire
 q - an amulet of the acrobat (around neck)
 s - a ring of protection from fire
 x - a ring of ice
 D - a ring of resist corrosion
Wands
 B - a wand of charming (3)
 E - a wand of quicksilver (5)
Scrolls
 b - 4 scrolls of immolation
 d - 9 scrolls of identify {unknown}
 e - 5 scrolls of teleportation {unknown}
 i - a scroll of vulnerability {unknown}
 k - 5 scrolls of enchant armour {unknown}
 p - 3 scrolls of blinking {unknown}
 r - 4 scrolls of enchant weapon {unknown}
 v - a scroll of torment {unknown}
 w - 2 scrolls of brand weapon {unknown}
Potions
 f - a potion of might {unknown}
 h - a potion of resistance {unknown}
 l - 6 potions of heal wounds {unknown}
 m - a potion of attraction {unknown}
 n - 2 potions of flight {unknown}
 o - a potion of cancellation {unknown}
 t - a potion of curing {unknown}
 z - 3 potions of mutation {unknown}
 A - a potion of degeneration {unknown}
 C - a potion of ambrosia {unknown}


   Skills:
 + Level 5.6 Fighting
 + Level 12.2 Ranged Weapons
 + Level 5.5 Dodging
 + Level 3.2 Stealth
 + Level 1.5 Spellcasting


You had 8 spell levels left.
You knew the following spells:

 Your Spells              Type           Power      Damage    Failure   Level
a - Magic Dart            Conj           0%         1d3       32%         1
b - Poisonous Vapours     Pois/Air       0%         N/A       45%         2

Your spell library contained the following spells:

 Spells                   Type           Power      Damage    Failure   Level
 Shock                    Conj/Air       0%         1d3       32%         1
 Slow                     Hex            0%         N/A       32%         1
 Call Imp                 Summ           0%         N/A       45%         2
 Cigotuvi's Dreadful Rot  Necr/Pois/Air  0%         N/A       45%         2
 Confusing Touch          Hex            0%         N/A       69%         3
 Mephitic Cloud           Conj/Pois/Air  0%         N/A       69%         3
 Ozocubu's Armour         Ice            0%         N/A       69%         3
 Swiftness                Air            0%         N/A       69%         3
 Tukima's Dance           Hex            0%         N/A       69%         3
 Vampiric Draining        Necr           0%         2d6       69%         3
 Airstrike                Air            0%         2d(0-16)  97%         4
 Passage of Golubria      Tloc           0%         N/A       97%         4
 Summon Ice Beast         Ice/Summ       0%         N/A       97%         4
 Summon Mana Viper        Hex/Summ       0%         N/A       100%        5
 Yara's Violent Unravell  Hex/Tmut       0%         3d3       100%        5
 Monstrous Menagerie      Summ           0%         N/A       100%        7
 Ozocubu's Refrigeration  Ice            0%         4d7       100%        7


Dungeon Overview and Level Annotations

Branches:
Dungeon (7/15)             Temple (1/1) D:6          Bailey (1/1)

Altars:
Cheibriados
Elyvilon
Gozag
Makhleb
Nemelex Xobeh
Okawaru
Qazlal
Ru
Sif Muna
Trog
Uskayaw
Wu Jian
Xom
Zin

Annotations:
D:7 2 transporters, pigah's ghost, novice OpWn


Innate Abilities, Weirdness & Mutations

You are very small and have problems with some larger weapons.
You are too small for most types of armour.
You have supernaturally acute eyesight. (SInv)
You cover ground extremely quickly. (Speed+++)


Message History

The human is moderately wounded.
You hear a shout!
You enter the shallow water.
Moving in this stuff is going to be slow.
Fire: a) +0 shortbow
Press: ? - help, Q - select action, (/) - cycle Shift-Dir - straight line, f/p - human
Aim: a human, wielding a +2 heavy hand axe and wearing a +0 ring mail (moderately wounded, 65% to hit)
You shoot an arrow. The arrow hits the human.
The human is heavily wounded.
The human hits you with a +2 heavy hand axe!
* * * LOW HITPOINT WARNING * * *
The human completely misses you. The human completely misses you.
There is an open door, spattered with blood here.
You see here a bullfrog skeleton.
The human completely misses you.
Things that are here:
a +0 hand axe; a +0 leather armour; a hobgoblin corpse The human misses you.
The human completely misses you.
There is an open door here.
A goblin comes into view. It is wielding a +0 hand axe.
The human shouts!
The goblin shouts!
There is an open door here.
Things that are here:
a +2 heavy hand axe; a +0 ring mail
Things that are here:
a +0 war axe; a +0 ring mail Fire: a) +0 shortbow
Press: ? - help, Q - select action, (/) - cycle Shift-Dir - straight line, f - human
Aim: a human, wielding a +0 war axe and wearing a +0 ring mail (65% to hit)
You shoot an arrow. The arrow closely misses the human.
The arrow hits the goblin.
You kill the goblin!
There is an open door here.
You enter the shallow water.
Moving in this stuff is going to be slow.
You shoot an arrow. The arrow barely misses the human.
The human hits you with a +2 heavy hand axe!
You die...

##########
##~~~##...##
#~~~~~#....##
#####~~~~~p.))..##
##...##~p~~#......#
#..∩.)p@~~##....###
#....÷######..###
#..∩..'....#)##
##...##.p..p.#
#####.......#
#...###### #..##
#.. #..


You could see 3 humans.

Vanquished Creatures
  Sigmund (D:3)
  3 humans (Bailey)
  3 water moccasins
  2 sky beasts (D:7)
  2 ice beasts
  3 black bears
  2 ogres (D:5)
  A centaur (D:6)
  3 phantoms
  5 bullfrogs
  2 necrophages
  Blork the orc (D:5)
  A scorpion (D:7)
  2 howler monkeys
  3 orc priests
  2 hounds (D:6)
  3 jellies
  4 iguanas
  9 orc wizards
  10 gnolls
  7 adders
  A white imp (D:6)
  An ufetubus (D:6)
  A worm (D:3)
  2 dart slugs
  24 orcs
  4 bats
  10 endoplasms
  5 giant cockroaches
  14 goblins
  6 hobgoblins
  4 jackals (D:2)
  9 kobolds
  3 quokkas
  3 ball pythons
  5 frilled lizards
  3 rats
164 creatures vanquished.

Notes
Turn   | Place    | Note
-------+----------+-------------------------------------------
     0 | D:1      | sircluck the Spriggan Hunter began the quest for the Orb.
     0 | D:1      | Reached XP level 1. HP: 10/10 MP: 2/2
    79 | D:1      | Reached XP level 2. HP: 14/14 MP: 3/3
   504 | D:1      | Reached XP level 3. HP: 18/18 MP: 4/4
   844 | D:2      | Reached skill level 5 in Ranged Weapons
  1273 | D:2      | Reached XP level 4. HP: 21/22 MP: 5/5
  1437 | D:2      | Found a faded altar of an unknown god.
  2021 | D:3      | Noticed Sigmund
  2111 | D:3      | Killed Sigmund
  2112 | D:3      | Reached skill level 6 in Ranged Weapons
  2112 | D:3      | Reached XP level 5. HP: 16/27 MP: 6/6
  2112 | D:3      | Reached XP level 6. HP: 18/31 MP: 7/7
  2569 | D:3      | Reached skill level 7 in Ranged Weapons
  3223 | D:4      | Reached XP level 7. HP: 17/36 MP: 8/8
  3325 | D:4      | Found a stormy altar of Qazlal.
  3711 | D:4      | Reached skill level 8 in Ranged Weapons
  3973 | D:4      | Found a white marble altar of Elyvilon.
  4240 | D:5      | Entered Level 5 of the Dungeon
  4542 | D:5      | Reached skill level 9 in Ranged Weapons
  4542 | D:5      | Reached XP level 8. HP: 42/42 MP: 9/9
  4744 | D:5      | Found a glowing silver altar of Zin.
  4751 | D:5      | Found a burning altar of Makhleb.
  4774 | D:5      | Reached skill level 10 in Ranged Weapons
  4777 | D:5      | Noticed Blork the orc
  5008 | D:5      | Found an iron altar of Okawaru.
  5040 | D:5      | Killed Blork the orc
  5113 | D:5      | Noticed an angel
  5113 | D:5      | Noticed a green death
  5569 | D:6      | Reached skill level 5 in Dodging
  5702 | D:6      | Found a staircase to the Ecumenical Temple.
  5738 | Temple   | Entered the Ecumenical Temple
  5968 | D:6      | Learned a level 1 spell: Magic Dart
  5971 | D:6      | Learned a level 2 spell: Poisonous Vapours
  5983 | D:6      | Reached XP level 9. HP: 41/46 MP: 10/10
  6191 | D:6      | Reached skill level 11 in Ranged Weapons
  6491 | D:7      | Reached skill level 1 in Spellcasting
  6729 | D:7      | Found a bloodstained altar of Trog.
  6755 | D:7      | Found a transporter.
  6768 | D:7      | Noticed a komodo dragon
  6770 | D:7      | Found a transporter.
  6773 | D:7      | Noticed a cyclops
  6778 | D:7      | Noticed pigah's ghost (novice OpWn)
  6799 | D:7      | Noticed a boulder beetle
  6824 | D:7      | Reached skill level 5 in Fighting
  7084 | D:7      | Found a flagged portal.
  7124 | Bailey   | Entered a bailey
  7160 | Bailey   | Reached skill level 12 in Ranged Weapons
  7423 | Bailey   | Slain by a human

Illustrated notes

Levels and vault maps discovered:
D:1:      roderic_chinese_lattice_arrival, layout_basic
D:2:      layout_basic, ebering_ecumenical_altar_mist, grunt_decor_one_mirror
D:3:      layout_basic, uniq_sigmund
D:4:      layout_loops_ring, nicolae_qazlal_general_emergency,
          lemuel_coloured_pillars_altar, hangedman_decor_growths
D:5:      layout_cave_pools, grunt_temple_overflow_order_and_chaos_2,
          mainiacjoe_overflow_alcove_1, uniq_blork_the_orc
D:6:      minmay_general_purpose_star, layout_cave_pods,
          minmay_temple_entry_glassed_door, serial_park_tiny_pond
D:7:      layout_gridville, lemuel_crystal_altar, nzn_ghost_randoct,
          enter_bailey_5, solitary_fountain, kennysheep_generic_room_6
Temple:   nicolae_temple_ecumenical_triangle
Bailey:   bailey_axe_froggy_fort_hellmonk, bailey

Skill      XL: |  1  2  3  4  5  6  7  8  9 |
---------------+----------------------------+-----
Ranged Weapons | 5 6 7 9 10 12 | 12.2
Fighting       | 2 3 4 5 |  5.6
Dodging        | 3 4 5 |  5.5
Stealth        | 2 3 |  3.2
Spellcasting   | 1 |  1.5

Action                     |  1- 3 |  4- 6 |  7- 9 || total
---------------------------+-------+-------+-------++-------
  Melee: Shortbow          |       |       |     2 ||     2
   Fire: Shortbow          |   106 |   139 |   454 ||   699
 Armour: Robe              |     9 |     2 |    14 ||    25
  Dodge: Dodged            |    42 |    43 |   217 ||   302

Table legend: (Time is in decaauts)
 A = Elapsed time spent in this place.
 B = Non-inter-level travel time spent in this place.
 C = Inter-level travel time spent in this place.
 D = Time resting spent in this place.
 E = Time spent auto-exploring this place.
 F = Levels seen in this place.
 G = Mean time per level.
                   A        B        C        D        E       F      G
               +--------+--------+--------+--------+--------+-----+--------+
         Total |   5432 |   5096 |    336 |    214 |   3479 |   9 |  603.6 |
       Dungeon |   5134 |   4798 |    336 |    214 |   3355 |   7 |  733.4 |
        Temple |     33 |     33 |      0 |      0 |     18 |   1 |   33.0 |
        Bailey |    265 |    265 |      0 |      0 |    106 |   1 |  265.0 |
               +--------+--------+--------+--------+--------+-----+--------+

Top non-repeatable levels by time:
     D:4: 1135 daAuts
     D:6: 869 daAuts
     D:3: 781 daAuts
     D:2: 658 daAuts
     D:5: 614 daAuts
     D:1: 541 daAuts
     D:7: 533 daAuts
  Bailey: 265 daAuts
  Temple: 33 daAuts
